 Dungeon Crawl Stone Soup version 0.25-a0-510-ge065f6de7d (webtiles) character file.

Game seed: 10654251827418561900, levelgen mode: deterministic

43780 BeastOfSaturn the Carver (level 13, -21/95 HPs)
             Began as a Demonspawn Conjurer on Feb 15, 2020.
             Was a High Priest of Ashenzari.
             Killed from afar by a battlesphere (22 damage)
             ... created by a tengu reaver
             ... on level 12 of the Dungeon.
             The game lasted 02:04:58 (29611 turns).

BeastOfSaturn the Carver (Demonspawn Conjurer)     Turns: 29611, Time: 02:04:58

Health: -21/95     AC: 11    Str: 17    XL:     13   Next: 92%
Magic:  13/16      EV: 16    Int: 18    God:    Ashenzari [*****.]
Gold:   664        SH: 12    Dex: 17    Spells: 3/16 levels left

rFire    + + +     SeeInvis +   b - +6 trident of Kucvawn {drain, rN+ MR+ Int+2} (curse)
rCold    + + .     Gourm    .   F - +2 buckler {rPois} (curse)
rNeg     + + .     Faith    .   Y - +2 ring mail {MR+} (curse)
rPois    +         Spirit   .   m - +2 helmet (curse)
rElec    .         Reflect  +   f - scarf {rC+ rF+} (curse)
rCorr    .         Harm     .   C - +0 pair of gloves
MR       ++...     Clarity  +   (no boots)
Stlth    +++++.....             V - amulet "Ocurar" {Reflect rF+ rC+ Dex+4 SH+3} (curse)
HPRegen  0.25/turn              o - ring of wizardry
MPRegen  0.15/turn              h - ring of positive energy

@: corroded
A: talons 2, demonic guardian 1, fire resistance 1, nightstalker 3, strong 1,
evolution 1, sturdy frame 2
a: Curse Item, Scrying, Transfer Knowledge, Renounce Religion


You were on level 12 of the Dungeon.
You worshipped Ashenzari.
Ashenzari was extremely pleased with you.
You were not hungry.

You visited 4 branches of the dungeon, and saw 20 of its levels.
You also visited: Volcano.

You collected 1580 gold pieces.
You spent 916 gold pieces at shops.

Inventory:

Hand Weapons
 a - the +7 falchion of Bebbinn {drain, Str-3 Int+4 Dex+4}
   (You found it on level 9 of the Dungeon)

   A truly terrible weapon, it drains the life of those it strikes.
   It affects your strength (-3).
   It affects your intelligence (+4).
   It affects your dexterity (+4).
 b - the cursed +6 trident of Kucvawn (weapon) {drain, rN+ MR+ Int+2}
   (You found it on level 5 of the Lair of Beasts)

   A truly terrible weapon, it drains the life of those it strikes.
   It affects your intelligence (+2).
   It protects you from negative energy.
   It affects your resistance to hostile enchantments.
   It has a curse placed upon it.
 I - a +0 scimitar
 S - a +0 broad axe
Armour
 f - a cursed scarf of resistance (worn)
 m - a cursed +2 helmet (worn)
 v - a +0 kite shield
 C - a +0 pair of gloves (worn)
 F - a cursed +2 buckler of poison resistance (worn)
 Y - a cursed +2 ring mail of magic resistance (worn)
Jewellery
 h - a ring of positive energy (right hand)
 i - an uncursed ring of protection from cold
 o - a ring of wizardry (left hand)
 O - an uncursed ring of protection from cold
 T - an uncursed ring of protection from fire
 V - the cursed amulet "Ocurar" (around neck) {Reflect rF+ rC+ Dex+4 SH+3}
   (You bought it in a shop on level 8 of the Dungeon)

   [amulet of reflection]

   It shields you and reflects attacks.
   It affects your dexterity (+4).
   It protects you from fire.
   It protects you from cold.
   It affects your SH (+3).
   It has a curse placed upon it.
Wands
 e - a wand of disintegration (26)
 n - a wand of paralysis (11)
 z - a wand of digging (3)
 B - a wand of iceblast (13)
 E - a wand of flame (31)
 J - a wand of random effects (58)
 N - a wand of enslavement (4)
 P - a wand of acid (5)
Scrolls
 d - a scroll of blinking {unknown}
 g - 3 scrolls of fear
 k - a scroll of silence {unknown}
 l - a scroll of brand weapon {unknown}
 r - a scroll of enchant armour
 w - a scroll of holy word {unknown}
 y - 4 scrolls of teleportation
 K - 3 scrolls of amnesia
 Q - a scroll of noise {unknown}
 R - a scroll of fog {unknown}
 U - 2 scrolls of summoning {unknown}
 W - 8 scrolls of identify
 Z - a scroll of remove curse
Potions
 j - a potion of ambrosia {unknown}
 p - 2 potions of invisibility {unknown}
 q - 3 potions of agility {unknown}
 s - 2 potions of heal wounds
 t - a potion of brilliance {unknown}
 u - 2 potions of might
 x - 4 potions of resistance
 A - 3 potions of magic
 D - 2 potions of haste
 G - 10 potions of curing
 H - a potion of berserk rage {unknown}
 M - a potion of cancellation {unknown}
 X - a potion of flight {unknown}
Miscellaneous
 L - a box of beasts
Comestibles
 c - 6 rations


   Skills:
 + Level 6.8 Fighting
 - Level 12.7 Long Blades
 * Level 4.5(8.4) Polearms
 * Level 10.7(13.1) Armour
 + Level 3.3(5.7) Dodging
 - Level 1.7 Stealth
 * Level 7.8(10.5) Shields
 - Level 2.0 Spellcasting
 - Level 10.0 Conjurations
 * Level 3.0 Hexes
 * Level 4.6 Evocations


You had 3 spell levels left.
You knew the following spells:

 Your Spells              Type           Power        Failure   Level  Hunger
a - Magic Dart            Conj           ####         1%          1    #......
b - Searing Ray           Conj           #####.       1%          2    ###....
c - Iskenderun's Mystic   Conj/Tloc      ###.....     10%         4    #####..
d - Slow                  Hex            ##......     3%          2    ###....
e - Leda's Liquefaction   Hex/Erth       #.........   38%         4    #####..

Your spell library contained the following spells:

 Spells                   Type           Power        Failure   Level  Hunger
 Dazzling Flash           Conj/Hex       ####..       1%          3    ###....
 Corona                   Hex            ##.....      2%          1    #......
 Ensorcelled Hibernation  Hex/Ice        #.....       6%          2    ###....
 Confusing Touch          Hex            ##......     7%          3    ###....
 Tukima's Dance           Hex            ##......     7%          3    ###....
 Animate Skeleton         Necr           N/A          8%          1    #......
 Apportation              Tloc           #.....       8%          1    #......
 Summon Small Mammal      Summ           #...         8%          1    #......
 Inner Flame              Hex/Fire       #.......     12%         3    ###....
 Portal Projectile        Hex/Tloc       #.....       12%         3    ###....
 Fulminant Prism          Conj/Hex       ####......   5%          4    #####..
 Cause Fear               Hex            ##........   22%         4    #####..


Dungeon Overview and Level Annotations

Branches:
Dungeon (12/15)            Temple (1/1) D:6            Lair (6/6) D:11
  Swamp (0/4) Lair:3        Snake (0/4) Lair:3        Slime (0/5) Lair:5
    Orc (1/2) D:11        Volcano (visited)

Altars:
Ashenzari
Cheibriados
Dithmenos
Elyvilon
Fedhas
Gozag
Hepliaklqana
Kikubaaqudgha
Makhleb
Nemelex Xobeh
Okawaru
Qazlal
Ru
Sif Muna
Trog
Uskayaw
Vehumet
Wu Jian
Xom
Yredelemnul
Zin
The Shining One

Shops:
D:5 =[[   D:8 (=**   D:11 [(   Orc:1 (

Annotations:
D:12 exclusion: oklob plant
Lair:1 exclusion: oklob plant
Lair:5 exclusion: oklob plant


Innate Abilities, Weirdness & Mutations

You have razor-sharp toenails.
A weak demonic guardian rushes to your aid.
You are completely attuned to the shadows.
Your movements are less encumbered by armour. (ER -4)
Your flesh is heat resistant. (rF+)
Your muscles are strong. (Str +2)
You evolve.


Message History

The storm dragon breathes lightning at you.
The bolt of lightning hits you!!
Unknown command.
The killer bee stings you but does no damage. x2
The killer bee barely misses you. You block the killer bee's attack.
The killer bee stings you but does no damage. x2
You block the killer bee's attack. x2; The killer bee barely misses you. x2
You block the killer bee's attack.
The killer bee stings you but does no damage.
The tengu reaver points at you and mumbles some strange words.
The bolt of acid hits the killer bee!!!
The killer bee is splashed with acid!
The acid corrodes the killer bee!
The killer bee dies!
The bolt of acid hits you!!
* * * LOW HITPOINT WARNING * * *
The acid corrodes you!
You are splashed with acid!
* * * LOW HITPOINT WARNING * * *
The battlesphere fires!
The barrage of energy hits you!!
You die...

,,#.#. ○#..., ** *
≈, * ....#○..#.
≈≈≈≈ ≈ ,#.#.☼#....
, ≈≈ ,
*,...#.○....,≈≈
≈≈≈ ≈ , ##..#R....
,≈ ≈≈ ≈
***..#.DQ.....≈ ≈
≈≈≈≈ , #....*..#..
≈ *....y.y#.#. ≈≈
≈ ≈,, ,.#...@#....
≈ *.......#.#. ,,
*,............ ≈ ≈
, ≈.P.≈.≈.≈.P.≈≈
≈≈ ≈≈
*≈≈≈≈≈≈≈≈≈≈≈≈≈≈≈**
≈ ≈≈≈≈≈≈≈≈≈≈≈≈≈≈
≈≈≈ ,
≈≈≈≈##≈≈≈≈≈≈≈∆{ ≈
** *≈
≈≈≈≈##≈≈≈≈≈≈≈P:≈
≈*≈≈≈≈≈≈≈≈≈≈##≈≈≈≈
≈


You could see a storm dragon, a tengu reaver, an efreet, 2 killer bees and a
battlesphere.

Vanquished Creatures
  A hydra (D:11)
  A dancing weapon (Volcano)
  2 two-headed ogres
  Sonja (Lair:2)
  4 wizards (Volcano)
  An orc knight (D:11)
  An ugly thing (D:11)
  2 manticores (D:12)
  An oklob plant (Lair:5)
  20 elephants
  3 toenail golems (Volcano)
  3 black mambas
  An eye of devastation (Lair:5)
  A gargoyle (D:12)
  A rime drake (Lair:6)
  4 spiny frogs
  A kobold demonologist (D:12)
  2 komodo dragons
  2 trolls
  2 polar bears (Lair:5)
  3 meliai (D:12)
  16 dream sheep
  9 hippogriffs
  10 blink frogs
  A wraith (D:11)
  A wyvern (D:11)
  A basilisk (Lair:5)
  2 vampires (D:12)
  19 yaks
  3 vampire mosquitoes (Lair:3)
  Menkaure (D:6)
  A warg (D:11)
  2 nagas (Lair:3)
  A soldier ant (D:11)
  9 water moccasins
  A water moccasin (shapeshifter) (D:12)
  8 porcupines
  2 ice beasts
  8 orc warriors
  A sky beast (D:9)
  3 black bears
  2 phantoms (D:10)
  An eye of draining (Lair:5)
  A necrophage (D:11)
  6 centaurs
  2 ogres
  8 wolves
  6 crocodiles
  5 big kobolds
  14 bullfrogs
  A wyvern zombie (D:11)
  5 scorpions
  22 killer bees
  2 howler monkeys (D:8)
  3 wights (D:10)
  An electric eel (Lair:5)
  2 bullfrog zombies
  2 centaur zombies
  7 crimson imps
  A centaur skeleton (D:12)
  5 hounds
  3 jellies
  9 orc priests
  Ijyb (D:4)
  Terence (D:2)
  An iguana (D:11)
  13 orc wizards
  6 hell rats (Lair:6)
  10 worker ants
  A hound zombie (D:5)
  2 worker ant zombies
  A hound skeleton (D:5)
  9 adders
  3 gnolls (D:8)
  A shadow imp (D:7)
  2 oozes (D:3)
  2 adder zombies
  An adder skeleton (D:8)
  A worm (D:3)
  3 dart slugs
  6 leopard geckos
  39 orcs
  A bat (D:1)
  5 giant cockroaches
  3 goblins (D:2)
  7 hobgoblins
  23 jackals
  3 quokkas
  A ball python (D:4)
  4 frilled lizards
  A jackal skeleton (D:9)
  12 kobolds
  3 leopard gecko skeletons
  5 rats
  2 plants
437 creatures vanquished.

Vanquished Creatures (collateral kills)
  A wizard (Volcano)
  An ugly thing (D:11)
  2 toenail golems (Volcano)
  A centaur skeleton (D:11)
  An elephant (Lair:6)
  A black mamba (Lair:3)
  A rime drake (Lair:1)
  A kobold demonologist (D:11)
  A dream sheep (Lair:5)
  2 blink frogs
  5 yaks (Lair:4)
  A human (D:7)
  A vampire mosquito (Lair:3)
  3 hogs (D:7)
  A hungry ghost (D:5)
  A water moccasin (D:11)
  A phantom (D:6)
  2 black bears
  2 wolves
  A big kobold (D:11)
  A bullfrog (Lair:2)
  A bullfrog zombie (D:6)
  A hound (D:11)
  An orc wizard (D:11)
  A hell rat (Lair:6)
  A leopard gecko (D:8)
  2 orcs
  A giant cockroach (D:6)
  A jackal (D:11)
40 creatures vanquished.

Vanquished Creatures (others)
  A spiny frog (Lair:5)
  2 killer bees (D:12)
  A bush (Lair:1)
  5 fungi
  A plant (Lair:3)
10 creatures vanquished.

Grand Total: 487 creatures vanquished

Notes
Turn   | Place    | Note
-------+----------+-------------------------------------------
     0 | D:1      | BeastOfSaturn the Demonspawn Conjurer began the quest for
                  | the Orb.
     0 | D:1      | Reached XP level 1. HP: 13/13 MP: 3/3
   768 | D:1      | Gained mutation: You have sharp toenails. [demonic
                  | ancestry]
   768 | D:1      | Reached XP level 2. HP: 19/19 MP: 0/5
  1039 | D:1      | Learned a level 2 spell: Searing Ray
  1541 | D:2      | Reached XP level 3. HP: 21/24 MP: 0/6
  1645 | D:2      | Noticed Terence
  1657 | D:2      | Killed Terence
  1657 | D:2      | Reached skill level 5 in Conjurations
  1913 | D:2      | Reached skill level 1 in Armour
  2029 | D:2      | Reached XP level 4. HP: 24/30 MP: 2/7
  2305 | D:2      | Learned a level 4 spell: Iskenderun's Mystic Blast
  2793 | D:3      | Found an opulent altar of Gozag.
  2813 | D:3      | Found a white marble altar of Elyvilon.
  4044 | D:4      | Found a hide-covered altar of Uskayaw.
  4096 | D:4      | Noticed Ijyb
  4110 | D:4      | Killed Ijyb
  4110 | D:4      | Reached skill level 1 in Long Blades
  4110 | D:4      | Gained mutation: A weak demonic guardian rushes to your
                  | aid. [demonic ancestry]
  4110 | D:4      | Reached XP level 5. HP: 33/35 MP: 0/8
  4773 | D:5      | Entered Level 5 of the Dungeon
  4790 | D:5      | Found Xoyping's Jewellery Shop.
  4853 | D:5      | Noticed a hungry ghost
  4862 | D:5      | Killed a hungry ghost
  4862 | D:5      | Reached skill level 1 in Shields
  4862 | D:5      | Reached XP level 6. HP: 42/42 MP: 1/9
  4873 | D:5      | Reached skill level 2 in Long Blades
  4888 | D:5      | Found a basalt altar of Yredelemnul.
  4920 | D:5      | Found Woan's Antique Armour Shop.
  4926 | D:5      | Bought a glowing buckler for 165 gold pieces
  5081 | D:5      | Found Bionneops's Armour Shop.
  5139 | D:5      | Reached skill level 1 in Fighting
  5139 | D:5      | Gained mutation: You are slightly more attuned to the
                  | shadows. [demonic ancestry]
  5139 | D:5      | Reached XP level 7. HP: 26/48 MP: 3/10
  5309 | D:5      | Reached skill level 3 in Long Blades
  6184 | D:6      | Found a staircase to the Ecumenical Temple.
  6192 | Temple   | Entered the Ecumenical Temple
  6299 | Temple   | Became a worshipper of Ashenzari the Shackled
  6435 | D:6      | Found a white marble altar of Elyvilon.
  6730 | D:6      | Found a radiant altar of Vehumet.
  6738 | D:6      | Noticed Menkaure
  6748 | D:6      | Killed Menkaure
  7234 | D:7      | Noticed a hog
  7234 | D:7      | Noticed a hog
  7234 | D:7      | Noticed a yak
  7234 | D:7      | Noticed a hog
  7234 | D:7      | Noticed a human
  7250 | D:7      | Killed a human
  7250 | D:7      | Reached skill level 4 in Long Blades
  7250 | D:7      | Gained mutation: You are significantly more attuned to the
                  | shadows. [demonic ancestry]
  7250 | D:7      | Reached XP level 8. HP: 51/55 MP: 1/11
  7260 | D:7      | Reached skill level 5 in Armour
  7703 | D:7      | Reached skill level 5 in Long Blades
  8266 | D:7      | Found a stormy altar of Qazlal.
  8586 | D:7      | Found a bloodstained altar of Trog.
  8956 | D:8      | Found Gapicu's Assorted Antiques.
  8992 | D:8      | Gained mutation: Your movements are slightly less
                  | encumbered by armour. (ER -2) [demonic ancestry]
  8992 | D:8      | Reached XP level 9. HP: 61/62 MP: 1/12
  9560 | D:8      | Reached * piety under Ashenzari
  9589 | D:8      | Found Liec's Weapon Shop.
  9962 | D:8      | Found Lethran's General Store.
  9975 | D:8      | Bought a scroll of remove curse for 30 gold pieces
 10088 | D:8      | Found Baaseimera's Jewellery Boutique.
 10186 | D:8      | Reached skill level 6 in Long Blades
 11048 | D:9      | Noticed a two-headed ogre
 11189 | D:9      | Found a bloodstained altar of Trog.
 11861 | D:9      | Got the falchion of Bebbinn {drain, Str-3 Int+4 Dex+4}
 11862 | D:9      | Identified the +7 falchion of Bebbinn {drain, Str-3 Int+4
                  | Dex+4} (You found it on level 9 of the Dungeon)
 12026 | D:9      | Killed a two-headed ogre
 12026 | D:9      | Reached skill level 7 in Long Blades
 12082 | D:10     | Entered Level 10 of the Dungeon
 12117 | D:10     | Gained mutation: Your movements are less encumbered by
                  | armour. (ER -4) [demonic ancestry]
 12117 | D:10     | Reached XP level 10. HP: 70/70 MP: 6/13
 12224 | D:10     | Reached skill level 8 in Long Blades
 13267 | D:10     | Noticed a purple ugly thing
 13738 | D:11     | Reached skill level 9 in Long Blades
 13750 | D:11     | Noticed a brown ugly thing
 14064 | D:11     | Found a staircase to the Lair.
 14138 | D:11     | Noticed an orc knight
 14155 | D:11     | Killed an orc knight
 14241 | D:11     | Found Kutuhug's Weapon Emporium.
 14245 | D:11     | Found a staircase to the Orcish Mines.
 14247 | D:11     | Found Wuij's Armour Emporium.
 14330 | D:11     | Noticed a two-headed ogre
 14620 | D:11     | Reached XP level 11. HP: 76/77 MP: 1/14
 15096 | D:11     | Noticed a six-headed hydra
 15098 | D:11     | Noticed a two-headed ogre
 15105 | D:11     | Killed a six-headed hydra
 15180 | D:11     | Killed a two-headed ogre
 15180 | D:11     | Reached skill level 10 in Long Blades
 15437 | D:11     | Noticed a purple ugly thing
 15462 | D:11     | Killed a purple ugly thing
 15511 | D:11     | Killed a purple ugly thing
 15978 | Lair:1   | Entered Level 1 of the Lair of Beasts
 16164 | Lair:1   | Noticed an oklob plant
 16746 | Lair:1   | Reached ** piety under Ashenzari
 17428 | Lair:1   | Learned a level 2 spell: Slow
 17838 | Lair:2   | Noticed Sonja
 17846 | Lair:2   | Killed Sonja
 17953 | Lair:2   | Reached skill level 5 in Fighting
 17984 | Lair:2   | Reached skill level 11 in Long Blades
 18071 | Lair:2   | Gained mutation: You are occasionally teleported next to
                  | monsters. [potion of mutation]
 18071 | Lair:2   | Gained mutation: Your spells are a little harder to cast,
                  | but a little more powerful. [potion of mutation]
 18071 | Lair:2   | Gained mutation: You evolve. [potion of mutation]
 18072 | Lair:2   | Lost mutation: You are occasionally teleported next to
                  | monsters. [potion of mutation]
 18072 | Lair:2   | Lost mutation: Your spells are a little harder to cast, but
                  | a little more powerful. [potion of mutation]
 18072 | Lair:2   | Gained mutation: Scrolls take you a little longer to read.
                  | [potion of mutation]
 18072 | Lair:2   | Gained mutation: Your flesh is heat resistant. (rF+)
                  | [potion of mutation]
 18472 | Lair:2   | Lost mutation: Scrolls take you a little longer to read.
                  | [evolution]
 18638 | Lair:3   | Found a staircase to the Swamp.
 18720 | Lair:3   | Gained mutation: You have razor-sharp toenails. [demonic
                  | ancestry]
 18720 | Lair:3   | Reached XP level 12. HP: 62/86 MP: 15/15
 18878 | Lair:3   | Found a staircase to the Snake Pit.
 19262 | Lair:3   | Reached skill level 10 in Conjurations
 19534 | Lair:3   | Reached *** piety under Ashenzari
 20554 | Orc:1    | Entered Level 1 of the Orcish Mines
 20554 | Orc:1    | Found Fuproka's Weapon Boutique.
 21111 | D:8      | Bought the amulet "Ocurar" {Reflect rF+ rC+ Dex+4 SH+3} for
                  | 721 gold pieces
 21992 | Lair:4   | Reached skill level 1 in Evocations
 22044 | Lair:4   | Reached skill level 10 in Armour
 22044 | Lair:4   | Reached skill level 5 in Shields
 22656 | Lair:5   | Reached **** piety under Ashenzari
 22689 | Lair:5   | Reached skill level 12 in Long Blades
 23758 | Lair:5   | Found a staircase to the Slime Pits.
 24038 | Lair:5   | Gained mutation: You are completely attuned to the shadows.
                  | [demonic ancestry]
 24038 | Lair:5   | Reached XP level 13. HP: 93/93 MP: 0/16
 24269 | Lair:5   | Got the trident of Kucvawn {drain, rN+ MR+ Int+2}
 24858 | Lair:5   | Learned a level 4 spell: Leda's Liquefaction
 24872 | Lair:6   | Entered Level 6 of the Lair of Beasts
 24890 | Lair:6   | Found a dark tunnel.
 25013 | Volcano  | Entered a volcano
 25050 | Volcano  | Reached skill level 1 in Hexes
 25054 | Volcano  | Identified the +6 trident of Kucvawn {drain, rN+ MR+ Int+2}
                  | (You found it on level 5 of the Lair of Beasts)
 25552 | Volcano  | Reached skill level 1 in Polearms
 26692 | Lair:6   | Gained mutation: Your muscles are strong. (Str +2)
                  | [evolution]
 27013 | Lair:6   | Identified the +1 robe of Gehenna {Int-2 Dex+4 Stlth+}
 27762 | Lair:6   | Reached ***** piety under Ashenzari
 29597 | D:12     | Noticed a tengu reaver
 29597 | D:12     | Noticed a storm dragon
 29611 | D:12     | HP: 1/95 [acid (9)]
 29611 | D:12     | Killed from afar by a battlesphere

Levels and vault maps discovered:
D:1:      kennysheep_arrival_forest, layout_basic
D:2:      minmay_general_purpose_star, layout_loops_ring, uniq_terence
D:3:      layout_basic, grunt_gozag_statues, first_ration, elyvilon_altar_5
D:4:      layout_basic, eat_drink_and_be_merry_uskayaw, saegor_snake_ambush,
          uniq_ijyb
D:5:      layout_rooms, basic_altar, serial_shops, nicolae_shop_crystal,
          shop_fountains, nicolae_shop_trees, kennysheep_donut
D:6:      layout_loops_ring, kennysheep_mini_moat, vehumet_altar_wand_db,
          minmay_temple_entry_gardened_gates, minmay_diced_spiral, uniq_menkaure
D:7:      layout_cave_pools, nicolae_qazlal_general_emergency,
          trog_ov_bears_minmay, grunt_livestock
D:8:      layout_loops_ring, serial_shops,
          nicolae_shop_temple_entry_statues_fountains, shop, nicolae_shop_trees,
          kennysheep_little_box, grunt_decor_arrowhead
D:9:      layout_basic, st_stairs_4, trog_three_pillars_becter
D:10:     layout_basic, kennysheep_generic_room_11
D:11:     layout_roguey, lair_entry_dummy, orc_david_3
D:12:     regret_index_harrowing_hell_hive, layout_cave_pools, uniq_azrael
Temple:   regret_index_temple_sphere_string
Lair:1:   layout_layer_cave, minmay_lair_oklob_bushes, lemuel_fruit_tree
Lair:2:   layout_cave_pods, grunt_megastairs_2, uniq_sonja
Lair:3:   layout_gridlike, minmay_swamp_entry_swarm,
          guppyfry_snake_entry_garden, ldierk_geyser
Lair:4:   layout_misc_corridors
Lair:5:   layout_gridlike, minmay_slime_entry_eyes, gauntlet_entry_generic,
          minmay_lair_oklob_chamber
Lair:6:   due_jungle_book, layout_cave_shapes, nicolae_volcano_entry_lava_flow
Orc:1:    layout_diamond_mine, serial_shops, nicolae_shop_trees,
          guppyfry_library_mini

Skill      XL: |  1  2  3  4  5  6  7  8  9 10 11 12 13 |
---------------+----------------------------------------+-----
Dodging        | 2 3 |  3.3
Conjurations   | 5 6 7 8 9 10 | 10.0
Armour         | 1 2 3 4 5 7 8 9 10 | 10.7
Long Blades    | 1 2 4 5 7 9 11 12 | 12.7
Shields        | 1 2 3 4 6 7 |  7.8
Fighting       | 1 2 3 4 5 6 |  6.8
Evocations     | 2 4 |  4.6
Hexes          | 3 |  3.0
Polearms       | 4 |  4.5
Stealth        | |  1.7
Spellcasting   | |  2.0

Action                   |  1- 3 |  4- 6 |  7- 9 | 10-12 | 13-15 || total
-------------------------+-------+-------+-------+-------+-------++-------
Melee: Unarmed           |    17 |       |       |       |       ||    17
       Morningstar       |    19 |       |       |       |       ||    19
       Kick              |     7 |    34 |    77 |   245 |   158 ||   521
       Long sword        |       |   137 |   302 |       |       ||   439
       Falchion          |       |       |     2 |   676 |    63 ||   741
       Trident           |       |       |       |       |   336 ||   336
 Cast: Magic Dart        |    19 |     3 |       |       |     5 ||    27
       Searing Ray       |    16 |    29 |    94 |   193 |   112 ||   444
       Iskenderun's Myst |       |       |       |     4 |     4 ||     8
Invok: Curse Item        |       |       |     2 |     3 |     1 ||     6
Evoke: Wand              |       |       |       |       |     1 ||     1
  Use: Scroll            |     4 |       |     7 |    10 |       ||    21
       Potion            |       |       |       |     3 |       ||     3
 Stab: Distracted        |       |       |     1 |    11 |     6 ||    18
       Sleeping          |       |       |       |    21 |     7 ||    28
  Eat: Chunk             |     3 |     5 |     2 |     9 |     2 ||    21
       Ration            |     1 |     2 |     9 |    12 |     7 ||    31
Armor: Ring mail         |    10 |    63 |       |    30 |   141 ||   244
       Chain mail        |       |       |   175 |   198 |       ||   373
Dodge: Dodged            |    24 |    65 |   121 |   293 |   281 ||   784
Block: Kite shield       |       |    32 |       |       |       ||    32
       Buckler           |       |    14 |   120 |   240 |   306 ||   680
       Reflection        |       |       |       |       |     2 ||     2
       Rpst.: Long sword |       |    24 |    31 |       |       ||    55
       Falchion          |       |       |     1 |    68 |     3 ||    72

Table legend:
 A = Non-vault XP
 B = Vault XP
 C = Vault XP percentage of total XP
 D = Non-vault monster count
 E = Vault monster count
 F = Vault count percentage of total count
                 A         B        C        D         E       F
            +---------+---------+-------+---------+---------+-------
      Total |   46847 |   15696 |  25.1 |     386 |      91 |  19.1
            +---------+---------+-------+---------+---------+-------
        D:1 |      24 |       0 |   0.0 |      12 |       0 |   0.0
        D:2 |      37 |      53 |  58.9 |      13 |       4 |  23.5
        D:3 |      61 |       0 |   0.0 |      24 |       0 |   0.0
        D:4 |      24 |      53 |  68.8 |       6 |       3 |  33.3
        D:5 |     554 |       0 |   0.0 |      20 |       0 |   0.0
        D:6 |     204 |     304 |  59.8 |       6 |       5 |  45.5
        D:7 |     596 |     947 |  61.4 |      21 |       7 |  25.0
        D:8 |     774 |       0 |   0.0 |      30 |       0 |   0.0
        D:9 |    1761 |       0 |   0.0 |      16 |       0 |   0.0
       D:10 |    2930 |     133 |   4.3 |      30 |       1 |   3.2
       D:11 |    6551 |    1198 |  15.5 |      52 |      13 |  20.0
       D:12 |    1051 |    3471 |  76.8 |       5 |      26 |  83.9
     Lair:1 |    2702 |       0 |   0.0 |      11 |       0 |   0.0
     Lair:2 |    2237 |     754 |  25.2 |      12 |       1 |   7.7
     Lair:3 |    4130 |     949 |  18.7 |      22 |       6 |  21.4
     Lair:4 |    3038 |       0 |   0.0 |      17 |       0 |   0.0
     Lair:5 |    7885 |    1200 |  13.2 |      33 |       4 |  10.8
     Lair:6 |   11617 |       0 |   0.0 |      42 |       0 |   0.0
      Orc:1 |     671 |     413 |  38.1 |      14 |      10 |  41.7
    Volcano |       0 |    6221 | 100.0 |       0 |      11 | 100.0
            +---------+---------+-------+---------+---------+-------
